 Dungeon Crawl Stone Soup version 0.25.0-46-gbd7b085 (webtiles) character file.

Game seed: 18134563179348213726

9022 Gadfly the Martial Artist (level 11, -8/89 HPs)
             Began as a Pale Draconian Transmuter on July 13, 2020.
             Was an Elder of Wu Jian.
             Mangled by a manticore (11 damage)
             ... on level 11 of the Dungeon on July 14, 2020.
             The game lasted 00:21:18 (15205 turns).

Gadfly the Martial Artist (DrTm)                   Turns: 15205, Time: 00:21:19

Health: -8/89      AC: 13    Str: 11    XL:     11   Next: 17%
Magic:  0/31       EV: 16    Int: 14    God:    Wu Jian [****..]
Gold:   505        SH:  0    Dex: 14    Spells: 14/25 levels left

rFire    . . .     SeeInvis .   b - +3 dagger (elec)
rCold    . . .     Gourm    .   (no shield)
rNeg     . . .     Faith    .   (armour unavailable)
rPois    .         Spirit   +   (helmet restricted)
rElec    .         Reflect  .   N - +0 cloak
rCorr    .         Harm     .   (no gloves)
MR       .....                  k - +0 pair of boots
Stlth    +.........             h - amulet of guardian spirit
HPRegen  0.64/turn              s - +4 ring of protection
MPRegen  0.22/turn              i - ring of magical power

@: no status effects
A: breathe steam, unfitting armour, claws 1, stinger 1, regeneration 1, weak 1,
cold-blooded, AC +7
a: Breathe Steam, Wall Jump, Serpent's Lash, Renounce Religion


You were on level 11 of the Dungeon.
You worshipped Wu Jian.
Wu Jian was greatly pleased with you.
You were hungry.

You visited 2 branches of the dungeon, and saw 12 of its levels.

You collected 695 gold pieces.
You spent 190 gold pieces at shops.

Inventory:

Hand Weapons
 b - a +3 dagger of electrocution (weapon)
 q - a +0 dagger of holy wrath
 y - the +7 dagger "Puco" {venom, rPois rN+ Dex-3}
   (You found it on level 7 of the Dungeon)

   It poisons the flesh of those it strikes.
   It affects your dexterity (-3).
   It protects you from poison.
   It protects you from negative energy.
Missiles
 a - 166 arrows
 C - a throwing net (quivered)
Armour
 k - a +0 pair of boots (worn)
 B - a scarf of harm
 N - a +0 cloak (worn)
Jewellery
 h - an amulet of guardian spirit (around neck)
 i - a ring of magical power (right claw)
 r - an uncursed ring of see invisible
 s - a +4 ring of protection (left claw)
 w - an uncursed ring of positive energy
Wands
 u - a wand of digging (4)
 x - a wand of flame (16)
 J - a wand of polymorph (11)
 K - a wand of paralysis (6)
 L - a wand of random effects (21)
Scrolls
 f - 4 scrolls of teleportation
 g - 6 scrolls of remove curse
 j - a scroll of blinking
 l - 5 scrolls of amnesia
 n - 2 scrolls of fear
 p - a scroll of fog
 z - 2 scrolls of magic mapping
 E - a scroll of summoning
 F - a scroll of enchant armour
 I - a scroll of identify
Potions
 d - 2 potions of curing
 e - a potion of magic
 m - 2 potions of ambrosia
 o - 4 potions of berserk rage
 t - a potion of haste
 v - a potion of might
 A - a potion of mutation
 D - 2 potions of flight
 G - 2 potions of resistance
 H - a potion of brilliance
 M - a potion of lignification
Comestibles
 c - 13 rations


   Skills:
 + Level 6.0 Fighting
 * Level 7.4 Dodging
 * Level 8.5 Unarmed Combat
 * Level 7.5 Spellcasting
 * Level 8.2 Transmutations
 + Level 5.5 Evocations


You had 14 spell levels left.
You knew the following spells:

 Your Spells              Type           Power        Failure   Level  Hunger
a - Beastly Appendage     Tmut           ####..       1%          1    None
b - Sticks to Snakes      Tmut           ####....     1%          2    None
c - Spider Form           Tmut/Pois      ###.......   8%          3    ##.....
d - Blade Hands           Tmut           ####......   13%         5    #####..

Your spell library contained the following spells:

 Spells                   Type           Power        Failure   Level  Hunger
 Passwall                 Tmut/Erth      ###.....     3%          2    None
 Magic Dart               Conj           #...         14%         1    None
 Sandblast                Erth           #.....       14%         1    None
 Searing Ray              Conj           #.....       21%         2    None
 Ice Form                 Ice/Tmut       ###.....     24%         4    ####...
 Petrify                  Tmut/Erth      ###.....     24%         4    ####...
 Dazzling Flash           Conj/Hex       #.....       38%         3    ##.....
 Stone Arrow              Conj/Erth      #.....       38%         3    ##.....
 Fulminant Prism          Conj/Hex       #.........   80%         4    ####...
 Iskenderun's Mystic Bla  Conj/Tloc      #.......     80%         4    ####...
 Lee's Rapid Deconstruct  Erth           #.........   98%         5    #####..
 Chain Lightning          Conj/Air       #.........   100%        8    #######
 Lehudib's Crystal Spear  Conj/Erth      #.........   100%        8    #######
 Absolute Zero            Ice            #.........   100%        9    #######
 Fire Storm               Conj/Fire      #.........   100%        9    #######


Dungeon Overview and Level Annotations

Branches:
Dungeon (11/15)            Temple (1/1) D:4            Lair (0/6) D:9
    Orc: D:9-12

Altars:
Ashenzari
Cheibriados
Dithmenos
Elyvilon
Fedhas
Gozag
Hepliaklqana
Kikubaaqudgha
Makhleb
Nemelex Xobeh
Okawaru
Qazlal
Ru
Sif Muna
Trog
Uskayaw
Vehumet
Wu Jian
Xom
Yredelemnul
Zin
The Shining One

Shops:
D:5 ?   D:10 }


Innate Abilities, Weirdness & Mutations

You can breathe blasts of scalding, opaque steam.
Your pale cyan-grey scales are hard. (AC +7)
You cannot fit into any form of body armour.
You are cold-blooded and may be slowed by cold attacks.
You have sharp fingernails.
Your tail ends in a poisonous barb.
Your natural rate of healing is unusually fast.
You are weak. (Str -2)


Message History

The manticore is severely wounded.
The manticore bites you!!
* * * LOW HITPOINT WARNING * * *
The manticore closely misses you.
The manticore claws you but does no damage.
You hit the manticore. You tail-slap the manticore.
The manticore is poisoned.
The manticore is severely wounded.
The manticore barely misses you. The manticore completely misses you.
The manticore closely misses you.
You hit the manticore.
The manticore is almost dead.
The manticore bites you!
* * * LOW HITPOINT WARNING * * *
The manticore barely misses you. x2
You hit the manticore but do no damage.
The manticore is almost dead.
The manticore bites you!!
* * * LOW HITPOINT WARNING * * *
The manticore claws you!
You die...

...# ######### #... #
#.......## ... #.
#........## #.. .
#.........## ..#.
#..........## #..#
#...........# #H.# .
#........(..# #.@# ...
#...........####.##.....
#............##.........
##...........#..###.....
#.............## #...
#............## ##
##.........###
#####....## ##..##


You could see a manticore (poisoned).

Vanquished Creatures
  4 trolls
  Prince Ribbit (D:7)
  2 hippogriffs
  A wraith (D:10)
  Eustachio (D:5)
  A hungry ghost (D:10)
  Menkaure (D:6)
  An acid dragon (D:11)
  3 orc warriors
  3 porcupines (D:9)
  4 ice beasts
  An eye of draining (D:10)
  A phantom (D:3)
  4 black bears
  12 ogres
  2 sky beasts (D:7)
  A crocodile (D:9)
  A big kobold (D:10)
  5 bullfrogs
  A water moccasin skeleton (D:4)
  4 scorpions
  15 killer bees
  3 electric eels (D:6)
  11 wights
  9 howler monkeys
  6 crimson imps
  9 hounds
  2 jellies
  An orc priest (D:9)
  2 centaur skeletons
  10 orc wizards
  A bullfrog skeleton (D:4)
  Natasha (thrice) (D:4)
  5 iguanas
  8 worker ants
  3 hound skeletons
  2 worker ant zombies
  9 gnolls
  12 adders
  5 shadow imps
  2 oozes
  An adder skeleton (D:4)
  An adder zombie (D:8)
  2 worms
  2 dart slugs
  7 leopard geckos
  36 orcs
  4 giant cockroaches
  5 goblins
  6 hobgoblins
  7 jackals
  9 kobolds
  3 quokkas
  3 ball pythons
  2 bats (D:1)
  5 frilled lizards
  A quokka skeleton (D:7)
  A quokka zombie (D:8)
  4 rats
  A plant (D:6)
272 creatures vanquished.

Vanquished Creatures (others)
  30 fungi (D:9)
  16 plants
46 creatures vanquished.

Grand Total: 318 creatures vanquished

Notes
Turn   | Place    | Note
-------+----------+-------------------------------------------
     0 | D:1      | Gadfly the Draconian Transmuter began the quest for the
                  | Orb.
     0 | D:1      | Reached XP level 1. HP: 16/16 MP: 3/3
   279 | D:1      | Reached XP level 2. HP: 20/23 MP: 5/5
   466 | D:1      | Learned a level 2 spell: Sticks to Snakes
  1140 | D:1      | Reached XP level 3. HP: 28/28 MP: 6/6
  1145 | D:1      | Learned a level 3 spell: Spider Form
  2734 | D:3      | Reached XP level 4. HP: 36/36 MP: 3/7
  3214 | D:3      | Noticed a phantom
  3274 | D:3      | Killed a phantom
  3274 | D:3      | Reached XP level 5. HP: 18/41 MP: 1/9
  3976 | D:4      | Noticed an ogre
  3992 | D:4      | Reached XP level 6. HP: 42/48 MP: 10/10
  4016 | D:4      | Reached skill level 1 in Evocations
  4420 | D:4      | Found a staircase to the Ecumenical Temple.
  4441 | Temple   | Entered the Ecumenical Temple
  4536 | Temple   | Became a worshipper of the Wu Jian Council
  4664 | D:4      | Your scales start taking on a pale cyan-grey colour.
  4664 | D:4      | Reached XP level 7. HP: 7/56 MP: 1/12
  4956 | D:4      | Learned a level 5 spell: Blade Hands
  5500 | D:4      | Noticed Natasha
  5507 | D:4      | Killed Natasha
  5799 | D:4      | Noticed Natasha
  5817 | D:4      | Killed Natasha
  5861 | D:4      | Noticed Natasha
  5878 | D:4      | Killed Natasha
  6004 | D:5      | Entered Level 5 of the Dungeon
  6078 | D:5      | Reached skill level 5 in Unarmed Combat
  6650 | D:5      | Found a shadowy altar of Dithmenos.
  6780 | D:5      | Reached XP level 8. HP: 60/63 MP: 14/14
  6876 | D:5      | Noticed Eustachio
  6892 | D:5      | Killed Eustachio
  6905 | D:5      | Reached * piety under Wu Jian
  7127 | D:5      | Found Jyrosch's Magic Scroll Shop.
  7132 | D:5      | Bought a scroll of summoning for 95 gold pieces
  7132 | D:5      | Bought a scroll of enchant armour for 75 gold pieces
  7132 | D:5      | Bought a scroll of identify for 20 gold pieces
  7325 | D:6      | Reached skill level 5 in Transmutations
  7343 | D:6      | Noticed Menkaure
  7351 | D:6      | Killed Menkaure
  8437 | D:6      | Reached skill level 5 in Spellcasting
  8469 | D:6      | Reached skill level 5 in Dodging
  9049 | D:6      | Reached XP level 9. HP: 71/71 MP: 16/16
  9741 | D:7      | Reached ** piety under Wu Jian
 10050 | D:7      | Noticed Prince Ribbit
 10062 | D:7      | Killed Prince Ribbit
 10736 | D:7      | Noticed a troll
 10758 | D:7      | Killed a troll
 11422 | D:8      | Reached skill level 5 in Fighting
 11431 | D:8      | Reached XP level 10. HP: 49/81 MP: 16/19
 11659 | D:7      | Got a twisted dagger
 11660 | D:7      | Identified the +7 dagger "Puco" {venom, rPois rN+ Dex-3}
                  | (You found it on level 7 of the Dungeon)
 12115 | D:8      | Gained mutation: You are dopey. (Int -2) [potion of
                  | mutation]
 12115 | D:8      | Gained mutation: Your large and strong wings let you fly
                  | indefinitely. [potion of mutation]
 12189 | D:9      | Reached *** piety under Wu Jian
 12231 | D:9      | Found a staircase to the Lair.
 12842 | D:9      | Reached skill level 5 in Evocations
 13620 | D:10     | Entered Level 10 of the Dungeon
 13857 | D:10     | Found Aqagg's Gadget Emporium.
 14163 | D:10     | Reached **** piety under Wu Jian
 14339 | D:10     | Reached XP level 11. HP: 84/89 MP: 21/21
 15078 | D:11     | Lost mutation: Your large and strong wings let you fly
                  | indefinitely. [potion of mutation]
 15078 | D:11     | Lost mutation: You are dopey. (Int -2) [potion of mutation]
 15078 | D:11     | Gained mutation: Your natural rate of healing is unusually
                  | fast. [potion of mutation]
 15078 | D:11     | Gained mutation: You are weak. (Str -2) [potion of
                  | mutation]
 15078 | D:11     | Gained mutation: You have sharp fingernails. [potion of
                  | mutation]
 15078 | D:11     | Gained mutation: Your tail ends in a poisonous barb.
                  | [potion of mutation]
 15205 | D:11     | HP: 3/89 [manticore (16)]
 15205 | D:11     | Mangled by a manticore

Illustrated notes

Levels and vault maps discovered:
D:1:      lemuel_arrival_river_ford, layout_basic
D:2:      layout_loops_ring, first_ration
D:3:      layout_loops_corners
D:4:      layout_gridville, minmay_temple_entry_gardened_gates, uniq_natasha
D:5:      layout_gridville, grunt_dithmenos_smoke_and_mirrors, serial_shops,
          nicolae_shop_waterfront, uniq_eustachio
D:6:      layout_loops_corners, serial_bayou, serial_bayou_pond_c,
          serial_bayou_pond_b, serial_bayou_pond_b, serial_bayou_pond_a,
          nrook_mini_vaults, minmay_misc_feat_four_crosses, uniq_menkaure
D:7:      layout_loops_ring, serial_rivers, chequers_serial_rivers_micro_e,
          chequers_serial_rivers_room_a, chequers_serial_rivers_room_b,
          chequers_serial_rivers_large_a, chequers_serial_rivers_room_b,
          grunt_ogre_cave, uniq_prince_ribbit1
D:8:      layout_rooms, grunt_ministairs_8
D:9:      layout_long_grid, due_lair_maze_entry_diamond, palyth_stone_intersect
D:10:     layout_basic, serial_shops, nicolae_shop_waterfront
D:11:     layout_cave_pods
Temple:   regret_index_temple_sigil_plot

Skill      XL: |  1  2  3  4  5  6  7  8  9 10 11 |
---------------+----------------------------------+-----
Dodging        | 2 3 4 5 6 7 |  7.4
Fighting       | 2 3 4 5 6 |  6.0
Unarmed Combat | 4 5 6 7 8 |  8.5
Spellcasting   | 3 4 5 6 7 |  7.5
Transmutations | 3 4 5 6 8 |  8.2
Evocations     | 1 2 3 4 5 |  5.5

Action                   |  1- 3 |  4- 6 |  7- 9 | 10-12 || total
-------------------------+-------+-------+-------+-------++-------
Melee: Unarmed           |   133 |   166 |   396 |   210 ||   905
       Tailslap          |     9 |    13 |    31 |    40 ||    93
       Headbutt          |     7 |     9 |    12 |     2 ||    30
       Kick              |     2 |       |       |       ||     2
       Punch             |       |     2 |     6 |    12 ||    20
       Dagger            |       |       |    65 |   299 ||   364
 Cast: Beastly Appendage |    16 |     6 |    18 |     1 ||    41
       Spider Form       |     2 |     6 |    24 |    11 ||    43
Invok: Lunge             |       |     1 |    19 |    21 ||    41
       Whirlwind         |       |       |       |    16 ||    16
 Abil: Breathe Steam     |       |       |     1 |     1 ||     2
       Fly               |       |       |       |     1 ||     1
  Use: Scroll            |     8 |     3 |    10 |     3 ||    24
       Potion            |       |     1 |     1 |     3 ||     5
 Stab: Sleeping          |     5 |       |     1 |       ||     6
       Distracted        |       |       |     1 |       ||     1
  Eat: Chunk             |     6 |     5 |    21 |    11 ||    43
       Ration            |       |     1 |     1 |     2 ||     4
Armor: Skin              |    34 |    31 |    69 |   196 ||   330
Dodge: Dodged            |    92 |   114 |   347 |   533 ||  1086
